Map: Ley Lines

Players

kenO - Winner!

  • Race: Protoss Protoss
  • League: Diamond
  • Spawn Location: 1:00

A.I. 1 (Very Easy)

  • Race: Terran Terran
  • Spawn Location: 7:00

VOD

Have the link to the VOD?

Description

Time

  • Played on: Feb. 16, 2025, 5:20 a.m.
  • Length: 15:49
Show
View Real Time Build Order
Export as new Build Order

kenO Protoss - Winner!

Build Orders: 1 Gate Expand, Blink Stalkers 

Get SALT Encoding   

  12  0:00  Probe  
  13  0:12  Probe  
  14  0:18  Pylon  
  14  0:24  Probe  
  15  0:32  Probe  
  15  0:37  Gateway  
  15  0:40  Probe  
  16  0:46  Assimilator  
  17  0:52  Probe  
  18  1:04  Probe  
  19  1:16  Probe  
  20  1:24  Zealot  
  20  1:25  Cybernetics Core  
  22  1:37  Nexus  
  22  1:44  Pylon  
  22  1:47  Probe  
  22  1:52  Assimilator  
  23  1:55  Adept  
  23  2:02  Probe  
  23  2:06  Warp Gate  
  26  2:14  Probe  
  27  2:22  Adept  
  27  2:26  Probe  
  27  2:28  Twilight Council  
  30  2:38  Probe  
  31  2:44  Blink  
  31  2:47  Gateway  
  31  2:48  Probe  
  31  2:51  Probe  
  31  2:56  Probe  
  33  3:03  Probe  
  35  3:06  Probe  
  36  3:16  Probe  
  36  3:18  Probe  
  36  3:19  Robotics Facility  
  38  3:23  Gateway  
  38  3:28  Probe  
  38  3:30  Probe  
  40  3:34  Pylon  
  40  3:40  Probe  
  41  3:42  Probe  
  42  3:52  Probe  
  42  3:54  Probe  
  44  3:56  Stalker  
  44  3:57  Pylon, Stalker  
  44  4:00  Warp Prism  
  50  4:19  Stalker  
  50  4:20  Stalker x2  
  50  4:23  Pylon  
  56  4:43  Stalker, Probe x2  
  56  4:44  Stalker x2  
  64  4:54  Pylon  
  64  5:03  Nexus  
  64  5:07  Stalker x3  
  64  5:12  Probe x2  
  72  5:17  Assimilator  
  72  5:24  Probe  
  72  5:25  Probe  
  74  5:28  Assimilator  
  74  5:29  Robotics Bay  
  74  5:32  Probe  
  74  5:38  Probe  
  74  5:40  Probe  
  76  5:48  Charge  
  77  5:50  Probe  
  77  5:51  Pylon, Gateway  
  77  5:53  Gateway  
  78  6:03  Colossus  
  78  6:07  Gateway  
  78  6:09  Probe x2  
  78  6:10  Gateway  
  80  6:12  Pylon  
  80  6:17  Extended Thermal Lance  
  86  6:20  Sentry  
  86  6:22  Probe x3  
  91  6:32  Gateway  
  91  6:35  Forge  
  91  6:41  Probe  
  91  6:42  Gateway  
  91  6:44  Probe x2  
  94  6:48  Stalker  
  94  6:50  Probe  
  94  6:53  Sentry  
  98  6:54  Protoss Ground Weapons Level 1  
  98  6:56  Probe x2  
  98  6:58  Stalker  
  98  7:00  Probe  
  103  7:08  Pylon  
  104  7:12  Pylon  
  104  7:13  Colossus  
  107  7:18  Pylon  
  104  7:25  Pylon, Zealot x2  
  104  7:26  Zealot  
  116  7:31  Pylon  
  116  7:32  Templar Archives  
  116  7:35  Zealot x3  
  122  7:42  Pylon  
  122  7:45  Stalker  
  122  7:46  Pylon  
  122  7:49  Colossus  
  122  7:50  Zealot x3  
  130  8:04  Pylon  
  130  8:05  Zealot x2  
  130  8:11  Zealot x3  
  146  8:15  Pylon  
  146  8:23  High Templar x2, Zealot  
  146  8:24  Zealot  
  146  8:27  Archon  
  154  8:28  Zealot x2  
  158  8:39  Zealot x3  
  164  8:49  Zealot x4  
  164  8:53  Pylon  
  164  8:55  High Templar x2  
  174  8:59  Archon  
  176  9:02  Stalker  
  176  9:03  Stalker  
  176  9:09  Pylon x2  
  180  9:13  Stalker x2  
  180  9:14  Zealot x2  
  188  9:23  Stalker  
  188  9:27  Pylon  
  188  9:28  Zealot x4  
  196  9:36  Stalker x2  
Show
View Real Time Build Order
Export as new Build Order

A.I. 1 (Very Easy) Terran 

Build Orders:  

Get SALT Encoding   

  12  0:00  SCV  
  13  0:13  SCV  
  14  0:18  Supply Depot  
  14  0:37  Refinery  
  14  0:44  Barracks  
  14  1:03  Supply Depot  
  14  1:11  Refinery  
  14  1:32  SCV  
  15  1:33  Marine  
  16  1:44  SCV  
  17  1:56  SCV  
  18  2:08  SCV  
  19  2:09  Marine  
  20  2:20  SCV  
  21  2:32  SCV  
  22  2:44  Orbital Command  
  22  2:45  Marine  
  22  3:20  Marine  
  23  4:54  SCV  
  23  5:18  Marine  
  21  5:21  Supply Depot  
  21  5:23  SCV  
  21  5:46  Marine  
  22  5:59  SCV  
  22  6:01  Factory  
  21  6:12  SCV  
  21  6:15  Marine  
  23  6:24  SCV  
  24  6:27  Supply Depot  
  24  6:36  SCV  
  25  6:45  Marine  
  26  6:47  Starport  
  26  6:48  SCV  
  27  6:57  Command Center  
  26  7:16  Marine  
  27  7:24  Starport Tech Lab  
  27  7:35  Barracks Tech Lab  
  27  7:43  Raven  
  29  7:55  Marauder  
  31  8:09  SCV  
  32  8:16  Refinery  
  32  8:17  SCV  
  32  8:18  Raven  
  35  8:20  Refinery  
  35  8:24  SCV  
  36  8:31  SCV  
  37  8:38  SCV  
  36  8:45  SCV  
  37  8:52  SCV, Raven  
  40  9:00  SCV  
  41  9:07  SCV  
  42  9:12  Marine  
  42  9:14  SCV  
  29  9:28  SCV  
Tags
 
Composition
Blink Stalkers
League
Diamond
Matchup
PvT
Spawn Locations
Cross Positions
Add a new tag
Caveats
  • Supply blocks, unpowered buildings, or Contaminate may cause inaccurate times.
  • Supply counts are checked every 10 seconds.